Map: Lost and Found LE

Players

Clem - Winner!

  • Race: Terran Terran
  • Spawn Location: 7:00

Bly

  • Race: Zerg Zerg
  • Spawn Location: 1:00

Event: WCS Austin 2018

VOD

Have the link to the VOD?

Description

Time

  • Played on: June 1, 2018, 2:39 p.m.
  • Length: 37:10

All games in this series

Show
View Real Time Build Order
Export as new Build Order

Clem Terran - Winner!

Build Orders: Reaper Expand, Bio Tank 

Get SALT Encoding   

  12  0:00  SCV  
  13  0:12  SCV  
  14  0:17  Supply Depot  
  14  0:20  Supply Depot  
  14  0:24  SCV  
  15  0:42  SCV  
  16  0:43  Barracks  
  16  0:45  Refinery  
  16  0:54  SCV  
  17  1:06  SCV  
  18  1:18  SCV  
  19  1:30  Reaper  
  19  1:31  Orbital Command  
  20  1:40  Command Center  
  20  1:49  Supply Depot  
  20  1:56  SCV  
  21  2:02  Marine  
  21  2:08  Factory  
  22  2:10  SCV  
  23  2:16  Refinery  
  23  2:22  SCV  
  24  2:23  Barracks Reactor  
  24  2:34  SCV  
  24  2:46  SCV  
  25  2:53  Starport  
  25  2:54  Orbital Command  
  25  2:58  SCV  
  25  3:04  Hellion  
  29  3:06  Barracks Tech Lab  
  29  3:10  SCV  
  30  3:14  Cyclone  
  31  3:23  SCV  
  31  3:24  SCV  
  31  3:26  Marauder, Supply Depot  
  35  3:35  SCV  
  35  3:39  Supply Depot, Cyclone  
  39  3:43  SCV  
  39  3:48  Marauder  
  42  3:50  Hellion  
  42  3:51  SCV  
  42  3:55  SCV  
  46  4:00  Supply Depot  
  46  4:04  SCV  
  46  4:07  SCV  
  46  4:09  Marine  
  45  4:16  SCV  
  46  4:19  SCV, Medivac  
  49  4:27  Marine  
  49  4:28  SCV  
  51  4:31  SCV  
  51  4:33  Stimpack  
  52  4:40  SCV  
  52  4:42  Factory Reactor  
  52  4:43  SCV  
  52  4:45  Barracks, Marine  
  55  4:46  Barracks  
  55  4:50  Starport Reactor, Supply Depot  
  55  4:52  SCV  
  56  4:56  SCV  
  57  5:03  Marine  
  57  5:04  SCV  
  57  5:05  Engineering Bay  
  57  5:06  Supply Depot  
  59  5:08  SCV  
  59  5:14  Engineering Bay  
  60  5:16  SCV  
  60  5:20  Supply Depot, SCV, Marine  
  63  5:28  SCV  
  63  5:32  SCV  
  63  5:33  Factory Tech Lab  
  63  5:34  Marine x2  
  67  5:37  Refinery  
  67  5:38  Refinery, Marine  
  67  5:40  SCV  
  67  5:41  Supply Depot  
  69  5:43  Terran Infantry Weapons Level 1, Command Center  
  69  5:46  Terran Infantry Armor Level 1  
  69  5:48  Marine x2  
  71  5:50  SCV  
  71  5:52  SCV  
  71  5:54  Supply Depot  
  71  5:55  Marine  
  71  5:56  Marine  
  75  5:57  Marine  
  75  6:02  Siege Tank  
  79  6:05  SCV, Marine  
  79  6:10  Marine  
  79  6:12  SCV, Marine  
  79  6:14  Marine, Medivac x2  
  86  6:20  Supply Depot  
  86  6:22  Supply Depot  
  86  6:23  Marine x2  
  88  6:27  Marine  
  88  6:29  Supply Depot  
  88  6:30  Marine  
  88  6:32  SCV x2, Marine  
  93  6:38  Siege Tank  
  96  6:41  Marine  
  89  6:47  Combat Shield  
  89  6:48  Barracks  
  89  6:50  Barracks  
  89  6:53  SCV x2, Marine  
  89  6:54  Marine  
  93  7:03  Marine x2  
  93  7:06  Armory  
  95  7:08  Marine  
  95  7:10  Medivac x2  
  95  7:11  SCV, Marine  
  95  7:12  SCV  
  103  7:15  Orbital Command  
  103  7:17  Marine  
  103  7:20  Marine  
  105  7:23  Supply Depot, Marine  
  105  7:24  SCV x2  
  105  7:26  Siege Tank, Marine  
  105  7:29  Marine  
  112  7:34  Marine  
  112  7:36  SCV  
  115  7:37  Supply Depot  
  115  7:40  Marine, Barracks Reactor x2  
  115  7:41  Marine  
  115  7:42  SCV x2  
  119  7:44  Marine  
  119  7:47  Marine  
  121  7:52  Marine  
  121  7:53  Refinery, Factory  
  121  7:54  Refinery  
  121  7:57  SCV  
  126  7:58  Siege Tank, Marine x2  
  126  8:02  Marine  
  126  8:04  SCV  
  126  8:05  Marine  
  130  8:07  SCV  
  130  8:10  Marine  
  130  8:12  SCV  
  128  8:16  Marine x2  
  128  8:20  Marine  
  128  8:23  Terran Infantry Armor Level 2, Marine  
  128  8:24  Marine x2  
  128  8:25  Marine  
  128  8:26  Terran Infantry Weapons Level 2, Marine  
  134  8:27  SCV  
  134  8:28  SCV, Marine  
  134  8:33  Siege Tank  
  138  8:34  SCV, Marine x2  
  138  8:37  Marine  
  138  8:39  SCV  
  138  8:41  SCV, Marine, Factory Tech Lab  
  140  8:42  Marine x3  
  140  8:46  Terran Vehicle Weapons Level 1  
  140  8:47  Supply Depot, Command Center  
  145  8:51  Medivac  
  145  8:52  Marine x2  
  148  8:57  Concussive Shells  
  148  8:59  Siege Tank  
  151  9:05  Siege Tank  
  151  9:06  Marine x2, Liberator  
  155  9:13  Supply Depot, Barracks  
  155  9:14  Ghost Academy  
  155  9:15  Barracks  
  155  9:16  Barracks  
  155  9:17  Marine  
  155  9:18  Medivac  
  160  9:25  Marine x2  
  160  9:28  Marine x3  
  165  9:31  Siege Tank, Liberator  
  165  9:32  Supply Depot  
  168  9:39  Marine  
  168  9:42  Supply Depot  
  168  9:43  Sensor Tower  
  168  9:45  Supply Depot  
  169  9:46  SCV  
  169  9:47  SCV  
  168  9:56  Personal Cloaking  
  168  10:04  Marine x2  
  168  10:06  Liberator  
  170  10:08  Siege Tank  
  170  10:09  Ghost  
  170  10:10  Barracks Tech Lab x3  
  170  10:13  SCV  
  176  10:15  Marine x2  
  176  10:18  Marine x2  
  176  10:21  Missile Turret  
  180  10:22  Missile Turret  
  180  10:24  Siege Tank  
  180  10:25  SCV  
  187  10:32  Ghost  
  187  10:35  Refinery  
  189  10:37  Refinery  
  189  10:41  Marine, Ghost  
  189  10:42  Marine  
  189  10:46  Marine  
  189  10:49  Marine x3, Ghost  
  190  10:55  Missile Turret  
  192  10:58  SCV  
  192  11:01  Planetary Fortress  
  192  11:03  SCV x2  
  189  11:10  Marine x6, Command Center  
  195  11:11  Marine x3  
  195  11:12  Sensor Tower  
  195  11:13  Marine  
  199  11:20  SCV, Liberator  
  199  11:24  Terran Infantry Weapons Level 3  
  200  11:29  Terran Infantry Armor Level 3  
  200  11:51  Terran Vehicle Weapons Level 2, Fusion Core  
  200  11:52  Starport  
  200  12:00  Command Center  
  199  12:14  Missile Turret  
  196  12:17  Ghost  
  196  12:21  Ghost  
  196  12:39  Marine, Ghost  
  198  12:49  Barracks x2  
  198  12:51  Starport Tech Lab  
  176  12:55  Marine, Ghost  
  176  12:56  Starport, Liberator  
  176  12:58  Siege Tank, Ghost  
  174  12:59  Marine x6  
  174  13:00  Marine, Medivac x2  
  183  13:06  Ghost  
  183  13:08  Ghost  
  187  13:13  Marine  
  187  13:17  Marine x2  
  193  13:30  Medivac  
  193  13:31  Marine, Ghost x2  
  200  13:36  Starport Tech Lab  
  200  13:37  Starport Reactor, Liberator  
  200  13:39  Sensor Tower  
  200  13:40  Planetary Fortress  
  200  13:42  Barracks Tech Lab x2  
  200  13:46  Refinery  
  195  13:49  Refinery, Planetary Fortress  
  197  13:58  Command Center x2  
  197  14:02  Liberator  
  196  14:07  Terran Ship Weapons Level 1  
  194  14:17  Command Center  
  194  14:18  Siege Tank, Command Center  
  199  14:47  Command Center  
  199  14:48  Command Center  
  199  14:53  Marine  
  199  14:57  Liberator x3  
  199  14:59  Liberator  
  200  15:03  Liberator  
  200  15:14  Siege Tank x2  
  196  15:30  Advanced Ballistics  
  189  15:46  Siege Tank  
  188  15:50  Marauder x3, Marine  
  188  15:52  Marine x2, Ghost x2  
  188  15:53  Marine  
  199  16:01  Orbital Command  
  199  16:03  Orbital Command  
  198  16:08  Ghost  
  198  16:11  Ghost  
  199  16:19  Terran Ship Weapons Level 2  
  199  16:20  Starport, Structure Armor  
  199  16:21  Starport  
  199  16:28  Planetary Fortress  
  199  16:40  Hi-Sec Auto Tracking  
  199  16:46  Missile Turret  
  199  16:48  Missile Turret  
  199  16:49  Siege Tank, Liberator  
  199  16:50  Command Center  
  198  17:13  Refinery  
  198  17:14  Refinery  
  198  17:16  Missile Turret  
  198  17:17  Missile Turret, Command Center  
  198  17:18  Missile Turret  
  198  17:19  Sensor Tower  
  194  17:33  Missile Turret, Liberator  
  194  17:36  Missile Turret  
  194  17:37  Missile Turret x2  
  194  17:39  Missile Turret  
  194  17:40  Nuke  
  197  17:53  Liberator  
  197  18:04  Liberator, Marine x2, Ghost  
  196  18:15  Liberator  
  196  18:18  Siege Tank  
  198  18:28  Liberator  
  198  18:33  Siege Tank  
  198  18:36  Ghost x2  
  200  18:47  Ghost  
  200  18:48  Ghost x2  
  199  19:00  Ghost  
  196  19:02  Barracks  
  196  19:04  Barracks, Ghost x2  
  200  19:24  Nuke  
  200  19:35  Liberator  
  200  19:51  Siege Tank  
  189  19:54  Ghost x2  
  189  19:55  Ghost  
  189  19:56  Marine x4  
  189  19:57  Marine x2  
  189  19:59  Marine  
  200  20:21  Ghost  
  186  20:22  Ghost  
  186  20:23  Ghost x2  
  186  20:24  Ghost  
  186  20:25  Marine x5, Ghost  
  186  20:26  Barracks Tech Lab x2, Marine x2  
  200  20:39  Marine  
  200  20:41  Siege Tank  
  200  20:47  Orbital Command  
  200  20:52  Command Center  
  200  20:53  Command Center  
  200  20:54  Missile Turret  
  200  20:57  Missile Turret x2  
  199  21:04  SCV  
  199  21:05  SCV  
  199  21:07  Marine, Ghost  
  199  21:08  Marine  
  199  21:09  Marine x2  
  199  21:10  Marine x2  
  199  21:11  Marine x5  
  199  21:13  Liberator  
  199  21:16  Ghost  
  191  21:34  Nuke  
  191  21:35  Marine, Ghost x2  
  196  21:42  Siege Tank  
  198  21:48  Medivac  
  200  22:05  Orbital Command  
  199  22:24  Orbital Command  
  191  22:58  Refinery  
  191  23:06  Liberator  
  191  23:11  Missile Turret  
  191  23:12  Missile Turret x2  
  191  23:20  Ghost  
  191  23:22  Siege Tank  
  191  23:25  Marine  
  200  23:41  Liberator  
  200  23:46  Planetary Fortress  
  200  23:48  Refinery  
  200  23:49  Refinery, Missile Turret x2  
  200  23:52  Missile Turret  
  200  23:54  Command Center x2  
  198  24:14  Medivac  
  198  24:16  Siege Tank, Ghost  
  195  24:17  Marine  
  195  24:19  Marine  
  195  24:20  Marine x4  
  200  24:30  Ghost  
  200  24:31  Marine x2, Ghost  
  196  24:34  Liberator  
  196  24:36  Marine x2  
  186  24:43  Ghost x3  
  186  24:45  Marine x6  
  187  24:47  Ghost  
  187  24:49  Marine x2  
  186  24:54  Ghost  
  186  24:56  Liberator  
  186  24:59  Siege Tank, Ghost x2  
  194  25:02  Missile Turret  
  194  25:03  Marine  
  189  25:34  Ghost  
  191  25:38  Medivac  
  191  25:41  Ghost x2  
  195  25:43  Medivac x2  
  199  25:51  Liberator  
  199  25:57  Missile Turret, Command Center  
  199  25:58  Command Center  
  199  26:02  Siege Tank  
  199  26:04  Marine, Ghost  
  196  26:08  Liberator  
  194  26:26  Ghost  
  194  26:27  Marine x5  
  194  26:28  Marine x2  
  194  26:32  Ghost  
  195  26:33  Marine x3  
  188  26:50  Ghost, Medivac  
  188  26:51  Marine x2  
  188  26:53  Marine x3  
  193  26:54  Marine  
  193  26:55  Marine  
  193  26:58  Marine, Ghost  
  193  27:00  Marine x2, Command Center  
  200  27:20  Planetary Fortress  
  200  27:53  Liberator  
  200  28:00  Liberator x3  
  180  28:10  Siege Tank  
  180  28:11  Ghost x2  
  180  28:12  Marine  
  173  28:15  Marine x8, Ghost x2  
  173  28:16  Marine x3  
  173  28:18  Viking x2  
  185  28:24  Siege Tank  
  182  28:30  Barracks x2, Marine  
  182  28:31  Barracks  
  182  28:33  Marine x6, Ghost x3  
  182  28:34  Ghost  
  191  28:36  Marine  
  191  28:39  Ghost  
  200  28:58  Missile Turret  
  200  28:59  Command Center  
  200  29:00  Missile Turret  
  200  29:01  Orbital Command, Missile Turret  
  197  29:04  Ghost, Command Center  
  197  29:05  Marine  
  197  29:06  Missile Turret  
  197  29:07  Missile Turret  
  200  29:17  Liberator x2  
  200  29:28  Siege Tank  
  190  29:32  Marine, Ghost  
  190  29:33  Marine x2  
  190  29:38  Marine  
  200  29:43  Command Center  
  200  29:46  Missile Turret  
  200  29:47  Missile Turret  
  200  29:49  Missile Turret, Liberator  
  198  30:07  Liberator  
  198  30:08  Liberator x4  
  181  30:22  Ghost  
  198  30:49  Missile Turret  
  198  30:50  Planetary Fortress  
  198  30:51  Planetary Fortress  
  198  30:54  Missile Turret  
  198  30:55  Command Center  
  198  31:11  Nuke  
  198  31:24  Command Center  
  198  31:25  Missile Turret  
  198  31:27  Missile Turret x2  
  198  31:29  Orbital Command  
  198  31:33  Unknown x3  
  198  31:34  Missile Turret  
  198  31:47  Ghost  
  200  32:00  Ghost Academy  
  200  32:01  Nuke  
  199  32:26  Missile Turret  
  199  32:28  Orbital Command  
  199  32:32  Command Center  
  199  32:38  Nuke  
  199  32:45  Unknown x2  
  199  32:53  Missile Turret  
  199  32:54  Planetary Fortress  
  199  32:55  Liberator  
  199  33:03  Nuke  
  198  33:25  Ghost  
  198  33:26  Missile Turret  
  200  33:30  Nuke  
  198  33:54  Medivac  
  198  33:55  Marine, Ghost  
  200  33:58  Marine  
  200  33:59  Marine  
  199  34:03  Marine  
  200  34:18  Nuke  
  200  34:24  Nuke  
  200  34:31  Missile Turret  
  198  34:59  Viking x3  
  200  35:07  Marine x2, Ghost  
  192  35:08  Marine x4  
  192  35:10  Barracks Tech Lab  
  192  35:11  Barracks Tech Lab  
  200  35:33  Nuke  
  200  35:43  Liberator x2  
  200  35:44  Liberator  
  190  35:58  Ghost x2  
  190  35:59  Marine x2  
  190  36:01  Ghost x6  
  190  36:02  Marine x3  
  190  36:03  Marine  
  200  36:14  Ghost  
  200  36:45  Barracks Tech Lab  
Show
View Real Time Build Order
Export as new Build Order

Bly Zerg 

Build Orders: Pool First, Brood Lord Corruptor 

Get SALT Encoding   

  12  0:01  Drone  
  13  0:12  Overlord  
  13  0:17  Drone  
  14  0:31  Drone x2  
  16  0:35  Drone  
  17  0:45  Spawning Pool  
  17  0:47  Drone  
  17  0:56  Drone  
  18  1:11  Hatchery  
  17  1:18  Extractor, Drone  
  17  1:32  Zergling x4, Queen  
  19  1:39  Overlord  
  21  1:51  Drone  
  22  2:00  Drone  
  23  2:08  Roach Warren, Queen  
  22  2:12  Drone  
  25  2:22  Drone  
  26  2:25  Drone  
  27  2:41  Drone  
  27  2:44  Overlord  
  28  2:50  Roach x2  
  28  2:51  Roach x2  
  35  3:08  Overlord  
  35  3:13  Drone x2  
  35  3:14  Drone x2  
  35  3:18  Drone x2  
  35  3:19  Drone  
  42  3:26  Overlord  
  42  3:27  Queen  
  42  3:29  Ravager x2  
  46  3:36  Drone  
  46  3:37  Drone x3  
  46  3:40  Drone  
  50  3:48  Drone x2  
  52  3:56  Roach  
  52  3:57  Extractor  
  51  4:03  Hatchery  
  51  4:08  Ravager  
  48  4:13  Drone x2  
  48  4:14  Drone x3  
  47  4:20  Drone x3  
  47  4:23  Metabolic Boost  
  48  4:28  Drone x2  
  48  4:29  Drone x2  
  48  4:30  Drone, Queen  
  55  4:37  Overlord  
  55  4:41  Overlord  
  55  4:43  Lair  
  55  4:48  Overlord  
  55  4:56  Roach x2  
  59  5:03  Roach x3  
  65  5:07  Extractor, Evolution Chamber  
  63  5:16  Queen  
  63  5:20  Overlord  
  65  5:29  Drone, Ravager  
  65  5:30  Drone x7  
  74  5:37  Drone x3  
  74  5:38  Drone x2  
  74  5:40  Zerg Ground Armor Level 1  
  79  5:46  Overlord  
  79  5:49  Overlord  
  79  5:52  Queen  
  79  5:56  Extractor  
  80  6:00  Extractor  
  80  6:02  Overlord  
  80  6:03  Drone x2  
  80  6:12  Hatchery  
  80  6:18  Hatchery  
  79  6:20  Drone x4  
  79  6:23  Glial Reconstitution  
  79  6:24  Drone  
  79  6:25  Drone x6  
  89  6:26  Drone  
  89  6:27  Extractor  
  89  6:30  Overseer  
  88  6:56  Hatchery  
  88  6:58  Zergling x14  
  88  6:59  Zergling x12  
  100  7:01  Hatchery  
  99  7:09  Infestation Pit  
  99  7:12  Roach x8  
  99  7:13  Overlord  
  114  7:22  Overlord  
  114  7:25  Overlord  
  114  7:33  Roach  
  114  7:34  Roach x3  
  122  7:39  Overlord  
  122  7:40  Overlord  
  122  7:45  Hive  
  122  7:46  Infestor x4  
  122  7:49  Zerg Ground Armor Level 2  
  122  7:51  Evolution Chamber  
  129  8:02  Overlord  
  125  8:11  Roach x3  
  125  8:12  Roach x12  
  131  8:34  Queen x2  
  133  8:44  Zergling x28  
  133  8:47  Zergling x4  
  149  8:50  Overlord  
  149  8:51  Zerg Melee Weapons Level 1  
  149  8:52  Overlord  
  151  9:00  Ultralisk Cavern  
  147  9:11  Extractor  
  147  9:14  Extractor  
  145  9:22  Hatchery  
  141  9:41  Overlord, Hatchery  
  141  9:42  Overlord x3, Adrenal Glands  
  139  9:47  Chitinous Plating  
  139  9:49  Ultralisk x3  
  155  10:07  Zerg Ground Armor Level 3  
  155  10:12  Queen x2  
  159  10:14  Drone x2  
  159  10:15  Drone x3  
  159  10:16  Drone  
  162  10:31  Ultralisk x2  
  169  10:51  Ultralisk x2  
  169  10:54  Zerg Melee Weapons Level 2  
  169  10:56  Spire  
  177  11:25  Drone x2  
  177  11:26  Drone x4  
  177  11:27  Overlord x2  
  183  11:33  Pneumatized Carapace  
  183  11:34  Overseer x2  
  177  11:46  Zergling x2, Ultralisk x3  
  199  11:47  Zergling x6  
  199  11:51  Baneling Nest  
  198  12:03  Overlord  
  190  12:13  Greater Spire  
  190  12:15  Corruptor x6  
  184  12:58  Zerg Missile Weapons Level 1  
  176  13:09  Hatchery  
  167  13:14  Corruptor x5  
  167  13:17  Zergling x2, Zerg Melee Weapons Level 3  
  167  13:18  Zergling x38  
  197  13:28  Spore Crawler, Zerg Flyer Weapons Level 1  
  197  13:33  Brood Lord x2, Overseer  
  200  13:35  Hatchery  
  178  14:13  Brood Lord x3  
  178  14:14  Brood Lord x6  
  192  14:38  Overlord  
  190  14:41  Centrifical Hooks  
  190  14:42  Baneling  
  190  14:43  Baneling x9  
  190  14:44  Ravager x3  
  193  14:46  Viper  
  195  14:59  Spore Crawler  
  194  15:00  Spore Crawler  
  194  15:01  Zergling x12  
  194  15:02  Zerg Missile Weapons Level 2  
  194  15:06  Spine Crawler  
  198  15:07  Spine Crawler  
  186  15:19  Zergling x10  
  186  15:20  Zergling x12  
  168  15:42  Infestor x5  
  144  16:16  Spine Crawler  
  143  16:22  Corruptor  
  143  16:23  Corruptor x9  
  163  16:27  Drone  
  163  16:29  Extractor, Drone x5  
  158  16:59  Zerg Flyer Weapons Level 2  
  146  17:10  Brood Lord  
  146  17:11  Brood Lord x4  
  146  17:14  Zergling x2  
  146  17:15  Zergling x28  
  171  17:26  Extractor, Drone x3  
  171  17:29  Drone  
  174  17:30  Drone x7  
  181  17:45  Corruptor x2  
  181  17:48  Spore Crawler x3  
  181  17:51  Infestor  
  186  17:54  Pathogen Glands  
  186  18:00  Spore Crawler  
  186  18:01  Spore Crawler  
  186  18:03  Spore Crawler  
  172  18:35  Infestor x2  
  172  18:36  Zergling x16  
  179  18:50  Corruptor x2  
  179  18:51  Corruptor  
  171  19:05  Drone x3  
  171  19:09  Brood Lord x7  
  188  19:23  Drone x3  
  191  19:35  Hatchery  
  191  19:36  Corruptor  
  191  19:37  Corruptor x4  
  180  19:55  Zergling x38  
  194  20:00  Spore Crawler  
  186  20:27  Infestor x2  
  179  20:31  Zergling x22  
  188  20:42  Infestor x4  
  190  20:51  Baneling x7  
  190  20:57  Spore Crawler, Zergling x2  
  189  20:58  Zergling x10  
  195  21:08  Spine Crawler  
  184  21:11  Spine Crawler  
  184  21:12  Extractor  
  184  21:14  Spore Crawler  
  184  21:17  Extractor  
  184  21:18  Viper x2  
  184  21:31  Zerg Flyer Armor Level 1  
  184  21:44  Hatchery  
  183  21:47  Drone  
  183  21:48  Drone x2  
  183  21:49  Drone x3  
  189  21:54  Brood Lord  
  191  22:05  Zergling x2  
  191  22:08  Hatchery  
  191  22:14  Overseer  
  191  22:15  Overseer  
  190  22:24  Corruptor x3  
  196  22:56  Unknown  
  196  22:59  Corruptor  
  196  23:00  Corruptor  
  195  23:26  Zerg Flyer Armor Level 2  
  186  23:28  Corruptor x3  
  186  23:29  Corruptor x2  
  196  23:38  Drone x2  
  193  23:53  Zergling x18  
  193  23:54  Spore Crawler  
  193  23:55  Spore Crawler, Spine Crawler  
  198  23:56  Spine Crawler  
  198  23:59  Spore Crawler  
  195  24:04  Zergling x10  
  197  24:18  Infestor  
  194  24:36  Zergling x24  
  171  24:47  Zergling x24  
  177  24:57  Zergling x14  
  184  25:00  Extractor  
  184  25:01  Drone x3  
  184  25:02  Extractor, Drone x3, Queen x2  
  184  25:03  Queen  
  193  25:07  Baneling x4  
  193  25:08  Baneling x7, Zergling x2, Ultralisk  
  196  25:26  Queen x2  
  196  25:27  Zergling x10  
  196  25:28  Zergling x2  
  197  25:40  Zergling x2  
  197  25:41  Zergling x8  
  182  26:16  Zergling x8  
  182  26:17  Zergling x22  
  166  26:26  Infestor x3  
  166  26:27  Infestor  
  166  26:32  Zergling x6  
  172  26:33  Infestor x2, Zergling x16  
  172  26:34  Infestor x2  
  188  26:40  Baneling  
  188  26:41  Baneling x5  
  160  26:49  Zergling x2  
  160  26:50  Zergling x32  
  160  26:52  Baneling x3  
  160  26:53  Baneling x4  
  166  27:03  Drone  
  167  27:14  Brood Lord  
  167  27:15  Corruptor x4  
  177  27:33  Spore Crawler  
  170  27:46  Zerg Flyer Armor Level 3  
  170  27:48  Baneling x6  
  170  27:49  Baneling x3, Zergling x2  
  170  27:50  Zergling x40  
  153  28:18  Zergling x26  
  153  28:19  Zergling x14  
  167  28:20  Queen  
  167  28:21  Queen  
  170  28:30  Queen x2  
  170  28:31  Queen x3  
  170  28:33  Overlord x2  
  180  28:41  Baneling  
  180  28:42  Baneling x2  
  180  28:48  Corruptor x5  
  180  28:50  Overlord  
  190  29:18  Brood Lord x4  
  190  29:23  Baneling x4  
  174  29:46  Zergling x2  
  174  29:47  Zergling x32  
  191  29:56  Zergling x14  
  158  30:23  Queen x4  
  158  30:27  Queen x2  
  158  30:28  Queen  
  172  30:32  Zergling x2  
  172  30:33  Zergling x24  
  185  30:39  Brood Lord x2  
  185  30:40  Brood Lord x2  
  199  30:54  Infestor x3  
  197  31:18  Overseer  
  197  31:19  Overseer  
  197  31:20  Overseer x2  
  197  31:39  Viper  
  174  32:21  Ultralisk x3  
  174  32:22  Zergling x12  
  198  32:30  Queen  
  189  33:41  Queen x4  
  170  34:04  Hatchery  
  158  34:19  Unknown  
  158  34:23  Zergling x38  
  83  35:04  Ultralisk x4  
  83  35:05  Infestor x2, Ultralisk  
Tags
 
Add a new tag
Caveats
  • Supply blocks, unpowered buildings, or Contaminate may cause inaccurate times.
  • Supply counts are checked every 10 seconds.